[Event "Early-Titled-Tuesday-Blitz-April-23-2024"]
[Site "Chess.com"]
[Date "2024.04.23"]
[Round "10"]
[White "lucasran"]
[Black "jinxy2009"]
[Result "1-0"]
[WhiteElo "2583"]
[BlackElo "2306"]
[TimeControl "180+1"]
[EndTime "10:01:35 PDT"]
[Termination "lucasran won by resignation"]

1. e4 c5 2. Nf3 Nc6 3. Bb5 e6 4. O-O Nge7 5. Re1 a6 6. Bf1 Ng6 7. c3 Be7 8. d4 cxd4 9. cxd4 d5 10. e5 O-O 11. Nc3 f6 12. exf6 Bxf6 13. Be3 Nge7 14. Bd3 Nf5 15. Bxf5 exf5 16. Qd2 h6 17. Bf4 Ne7 18.
Be5 Bd7 19. Bxf6 Rxf6 20. Rxe7 Qxe7 21. Nxd5 Qd6 22. Nxf6+ Qxf6 23. Re1 Bc6 24. Ne5 Rd8 25. Qc3 Bd5 26. a3 Kh7 27. Qg3 Bf7 28. Qf4 Bd5 29.
h3 Be4 30. f3 Bd5 31. Nd3 Bc4 32. Ne5 Bd5 33. Rc1 Bc6 34. Nxc6 bxc6 35. Qe5 Rxd4 36.
Qxf6 gxf6 37. Rxc6 Rd1+ 38. Kh2 Rd2 39. Rxf6 Rxb2 40. Rxf5 Kg6 41. Ra5 Rb6 42. g4 Rc6 43. Kg3 Rb6 44. h4 Rc6 45. h5+ Kf6 46. f4 Rb6 47. Kh4 Kg7 48. g5 hxg5+ 49. fxg5 Rc6 50.
Kg4 Rc4+ 51. Kf5 Rc6 52. Rd5 Rb6 53. Rd7+ Kf8 54. h6 Kg8 55. g6 Rb8 56. Kf6 Rb6+ 57.
Kf5 Rb5+ 58. Ke6 Rb6+ 59. Rd6 Rb8 60. Kf6 Rf8+ 61. Kg5 Ra8 62. h7+ Kg7 63. Rd7+ Kh8 64. Kh6 1-0

[Event "Early-Titled-Tuesday-Blitz-April-23-2024"]
[Site "Chess.com"]
[Date "2024.04.23"]
[Round "10"]
[White "MFatigue"]
[Black "Kyrko_Gamba"]
[Result "1-0"]
[WhiteElo "2560"]
[BlackElo "2437"]
[TimeControl "180+1"]
[EndTime "10:01:36 PDT"]
[Termination "MFatigue won by checkmate"]

1. e4 c6 2. Bc4 d5 3. Bb3 e6 4.
d4 dxe4 5. Nc3 Nf6 6. Nge2 Nbd7 7. O-O Bd6 8. Bg5 Qc7 9. Ng3 O-O 10. Re1 h6 11. Bxf6 Nxf6 12. Ncxe4 Nxe4 13. Rxe4 e5 14. dxe5 Bxe5 15. c3 Bxg3 16. hxg3 Bf5 17. Rf4 Bg6 18. Qg4 Kh8 19. Rd1 Rad8 20. Rfd4 Rxd4 21. Qxd4 a5 22. Qd7 Rc8 23. a4 b6 24. Qxc7 Rxc7 25. Rd8+ Kh7 26. Rb8 Rd7 27. Rxb6 Rd2 28. Bc4 Rc2 29. f3 h5 30. Kh2 f6 31. Bf1 Kh6 32. b4 Rc1 33.
Be2 Rc2 34. Bf1 axb4 35. cxb4 Rf2 36. Ba6 f5 37. Rxc6 h4 38. gxh4 Kh5 39. Bd3 Bh7 40. Rc5 Kxh4 41. Bxf5 Bxf5 42. Rxf5 g5 43. Rb5 g4 44.
fxg4 Ra2 45. a5 Ra3 46. Rb6 Ra4 47. a6 Kg5 48. b5 Kh4 49. Rb7 Ra3 50. a7 Ra2 51. b6 Ra5 52. Rb8 Ra3 53. a8=Q Rh3+ 54. gxh3 Kg5 55. Rg8+ Kf4 56. Qf8+ Ke3 57. b7 Kd2 58.
b8=Q Kc1 59. g5 Kd2 60. g6 Ke3 61. g7 Kd2 62. h4 Ke3 63. h5 Kd2 64. h6 Ke3 65. h7 Kd2 66. Qfd8+ Ke3 67. Re8+ Kf3 68. g8=Q Kf2 69. h8=Q Kf1 70. Qf7# 1-0

[Event "Early-Titled-Tuesday-Blitz-April-23-2024"]
[Site "Chess.com"]
[Date "2024.04.23"]
[Round "10"]
[White "ScofieldMichael01"]
[Black "BurningggIce"]
[Result "0-1"]
[WhiteElo "2570"]
[BlackElo "2468"]
[TimeControl "180+1"]
[EndTime "10:01:37 PDT"]
[Termination "BurningggIce won by resignation"]

1. d4 Nf6 2. c4 e6 3. Nf3 Bb4+ 4. Bd2 Qe7 5. g3 O-O 6. Bg2 Nc6 7. O-O Bxd2 8. Qxd2 d6 9. Nc3 a5 10. e4 e5 11. d5 Nb8 12. a3 a4 13. Ne1 Nbd7 14.
Nd3 b6 15. Qc2 Nc5 16. Nxc5 bxc5 17. Nxa4 Ng4 18. Nc3 f5 19. exf5 Bxf5 20. Be4 Qg5 21. Bxf5 Rxf5 22. h3 Nxf2 23. Rxf2 Qxg3+ 24. Rg2 Qxh3 25. Qe2 Rh5 26. Rh2 Qg3+ 27. Kh1 Rxh2+ 28. Qxh2 Qg4 29. a4 Qxc4 30. a5 Qb4 31. a6 Qc4 32. Qe2 Qh4+ 33. Kg1 Qd4+ 34. Qf2 Qg4+ 35. Kf1 Qc4+ 36. Qe2 Rf8+ 37.
Ke1 Qh4+ 38. Kd2 Qd4+ 39. Kc2 c4 40. a7 Ra8 41. Ra4 Rxa7 42. Rxa7 Qxa7 43. Qxc4 Qc5 44. Qxc5 dxc5 45. Ne4 h5 46. Kd3 h4 47. Kc4 h3 48.
Kxc5 g5 49. d6 h2 50. Ng3 cxd6+ 51. Kd5 Kf7 52. b4 Ke7 53. Kc6 e4 54. Nf5+ Kf6 55. Ng3 e3 56. b5 e2 57. b6 e1=Q 58. b7 h1=Q+ 59. Nxh1 Qxh1+ 60. Kc7 Qxb7+ 61. Kxb7 d5 62. Kc6 d4 0-1

[Event "Early-Titled-Tuesday-Blitz-April-23-2024"]
[Site "Chess.com"]
[Date "2024.04.23"]
[Round "10"]
[White "Ariadna_Atreides"]
[Black "Roosters19"]
[Result "1-0"]
[WhiteElo "2234"]
[BlackElo "2309"]
[TimeControl "180+1"]
[EndTime "10:01:38 PDT"]
[Termination "Ariadna_Atreides won by resignation"]

1. d4 Nf6 2. Nf3 c5 3. e3 g6 4. Be2 Bg7 5. O-O O-O 6. a3 cxd4 7. exd4 b6 8. c3 Bb7 9. Bf4 d6 10. Nbd2 Nbd7 11. Re1 Rc8 12. h3 Qc7 13. Bh2 Qb8 14. Bb5 Rfe8 15. Qa4 Qc7 16. Ng5 h6 17. Nge4 Red8 18.
Nxf6+ Nxf6 19. Ba6 Bxa6 20. Qxa6 Re8 21. a4 Rb8 22.
Qd3 a5 23. Ne4 Nxe4 24. Rxe4 e5 25. Rae1 Qc6 26. dxe5 dxe5 27. Bxe5 Bxe5 28. Rxe5 Rxe5 29. Rxe5 Qxa4 30. Qd6 Rb7 31. Qd8+ Kg7 32. Re8 Qd7 33. Rg8+ Kh7 34. Rh8+ Kg7 35. Qf8+ Kf6 36. Qxh6 Qd1+ 37. Kh2 Qd6+ 38. f4 Rd7 39. Qg5+ Kg7 40. Qh6+ Kf6 41. Qh4+ Kg7 42. Ra8 f5 43. Qh8+ Kf7 44. Rf8+ Ke6 45. Rf6+ Kd5 46. Rxd6+ Kxd6 47. Qe5+ Kc6 48.
Qe8 Kc7 49. Qe5+ Rd6 50. h4 Kc6 51. g3 Rd5 52. Qe6+ Rd6 53. Qe8+ Kc5 54. Qe7 Kc6 55.
Kh3 Rd5 56. Qe8+ Kc5 57. Qxg6 Kc4 58. h5 Rd2 59. Qxb6 Kd3 60. Qd6+ Kc2 61. Qg6 Kxb2 62.
Qxf5 Rd1 63. Qb5+ Kc2 64. Qxa5 Ra1 65. Qxa1 Kb3 66. h6 Kc2 67. h7 Kb3 68. h8=Q 1-0

[Event "Early-Titled-Tuesday-Blitz-April-23-2024"]
[Site "Chess.com"]
[Date "2024.04.23"]
[Round "10"]
[White "dropstoneDP"]
[Black "maciek_92"]
[Result "1-0"]
[WhiteElo "3021"]
[BlackElo "2848"]
[TimeControl "180+1"]
[EndTime "10:01:41 PDT"]
[Termination "dropstoneDP won by resignation"]

1. e4 c5 2. Nf3 e6 3. d4 cxd4 4. Nxd4 Nc6 5. Nc3 a6 6. Be2 Qc7 7. Nxc6 bxc6 8. Qd4 d5 9. exd5 cxd5 10. Bf4 Qc5 11.
Qxc5 Bxc5 12. Na4 Ba7 13. c4 Ne7 14. Bf3 Bb7 15. O-O Bc6 16. b3 dxc4 17. Bxc6+ Nxc6 18.
Rac1 Nd4 19. Rxc4 Ne2+ 20. Kh1 Nxf4 21. Rxf4 Ke7 22. Nb2 Rhd8 23. Nc4 Rd5 24. g3 Rad8 25. Kg2 h5 26. h4 g6 27. Rc1 R8d7 28. Re4 Kf6 29.
Re2 Bd4 30. Rcc2 e5 31. Ne3 R5d6 32. Rc8 e4 33. Nc4 Re6 34. Rd2 Ke7 35. Ra8 f5 36.
Rc2 Rc6 37. Re2 Ke6 38. f3 e3 39. Nxe3 Bxe3 40. Rxe3+ Kf6 41. Re2 f4 42. gxf4 Rd4 43. Rae8 Kf7 44. R8e7+ Kf6 45. Kg3 Rd1 46. Re1 Rxe1 47.
Rxe1 Rc2 48. a4 Rb2 49. Re3 Kf5 50. Rc3 Kf6 51. Rc6+ Kf5 52. Rb6 a5 53. Rb5+ Kf6 54. f5 g5 55. Rb6+ Kxf5 56. Rb5+ Kf6 57. Rxg5 Rxb3 58.
Rxh5 Rb4 59. Rxa5 Kg6 60. Ra8 Kg7 61. a5 Rb2 62. a6 Rb1 63. a7 Ra1 64. f4 Kh7 65. f5 Rg1+ 66. Kf2 Ra1 67. f6 Ra2+ 68.
Ke3 Ra1 69. f7 1-0

[Event "Early-Titled-Tuesday-Blitz-April-23-2024"]
[Site "Chess.com"]
[Date "2024.04.23"]
[Round "10"]
[White "AljoschaFeuerstack"]
[Black "bubeliang"]
[Result "0-1"]
[WhiteElo "2605"]
[BlackElo "2789"]
[TimeControl "180+1"]
[EndTime "10:01:42 PDT"]
[Termination "bubeliang won on time"]

1. e4 c6 2. d3 d5 3. Nd2 dxe4 4.
dxe4 e5 5. Ngf3 Qc7 6. Bc4 h6 7. Nf1 Nf6 8. Ng3 g6 9. Be3 Ng4 10.
Bd2 Bg7 11. h3 Nf6 12. Bb4 c5 13. Bb5+ Nc6 14. Bxc6+ Qxc6 15. Nxe5 Qc7 16. Bc3 O-O 17. O-O b6 18. Qf3 Bb7 19. Ng4 Nxg4 20. hxg4 Be5 21. Bxe5 Qxe5 22. c3 Rfe8 23. Rfe1 Rad8 24. Rad1 Rxd1 25.
Qxd1 Qe6 26. a3 Bc8 27. f3 Qe5 28. Nf1 Ba6 29. Qd2 Kg7 30. Rd1 Re6 31. Ne3 Bb7 32.
Qf2 Rd6 33. Rd2 Qe6 34. Qe2 Qd7 35. Rxd6 Qxd6 36. Qd1 Qf4 37. Qd2 Qg3 38. Nf1 Qe5 39.
Kf2 Ba6 40. Ne3 Qh2 41. Qd5 Qh4+ 42. g3 Qh2+ 43. Ng2 Qh1 44. Qe5+ Kh7 45. Ne3 Qc1 46.
Ng2 Qf1+ 47. Ke3 Qe2+ 48. Kf4 Qxg2 49. Qf6 Qd2+ 50. Ke5 Qg5+ 51. Qxg5 hxg5 52. Kf6 Be2 53. f4 gxf4 54. gxf4 Kg8 55. g5 Kf8 56. b4 cxb4 57. cxb4 Bd3 58. e5 Bf5 59. a4 Bd7 60. a5 bxa5 61. bxa5 a6 0-1

[Event "Early-Titled-Tuesday-Blitz-April-23-2024"]
[Site "Chess.com"]
[Date "2024.04.23"]
[Round "10"]
[White "Silent-Killer100"]
[Black "viktorgen2021"]
[Result "0-1"]
[WhiteElo "2588"]
[BlackElo "2479"]
[TimeControl "180+1"]
[EndTime "10:01:42 PDT"]
[Termination "viktorgen2021 won by resignation"]

1. f4 g6 2. Nf3 Bg7 3. g3 d6 4. Bg2 h5 5. e4 Nh6 6. d4 d5 7. e5 Nf5 8. c3 h4 9. g4 h3 10. Bf1 Nh4 11. Nxh4 Rxh4 12. g5 c5 13. Be3 Nc6 14. Rg1 Qb6 15. Qd2 cxd4 16. cxd4 Bf5 17.
Nc3 e6 18. Bf2 Rh8 19. Rc1 Bf8 20. Bd3 Bxd3 21. Qxd3 Qa5 22. Ke2 Rc8 23. Qb5 Qc7 24. Qd3 a6 25. a3 Qa5 26. Rg3 Kd7 27. Rc2 Be7 28. Rxh3 b5 29. Rxh8 Rxh8 30. h4 Rc8 31. Nd1 Qa4 32. Nc3 Qa5 33. Nb1 Qa4 34. Kd2 b4 35. b3 Qa5 36. a4 Qb6 37. Ke2 Rh8 38.
Nd2 Na5 39. Nf3 Qb7 40. Ne1 Rc8 41. Kd2 Rc3 42. Rxc3 bxc3+ 43. Kxc3 Qxb3+ 44. Kd2 Bb4+ 45. Ke2 Qb2+ 46. Nc2 Nc4 47. Kf3 Ba5 48. Ne3 Nd2+ 49.
Kg2 Ne4 50. Qc2 Qxd4 51. Ng4 Nxf2 52. Nxf2 Qxf4 53. Qc5 Bc7 54. Qf8 Bxe5 55. Qa8 Qxh4 56. Qxa6 Qxg5+ 57. Kf1 Qc1+ 58. Kg2 Qc6 59. Qa7+ Bc7 60.
Qd4 e5 61. Qg4+ f5 62. Qh4 d4+ 63. Kg1 Bd8 64. Qh7+ Be7 65. Qf7 e4 66. a5 d3 67.
Qb3 Bc5 68. Kf1 Bxf2 69. Kxf2 Qc2+ 0-1

[Event "Early-Titled-Tuesday-Blitz-April-23-2024"]
[Site "Chess.com"]
[Date "2024.04.23"]
[Round "10"]
[White "Iball95"]
[Black "Harry_Rakkel"]
[Result "1-0"]
[WhiteElo "2861"]
[BlackElo "2704"]
[TimeControl "180+1"]
[EndTime "10:01:43 PDT"]
[Termination "Iball95 won on time"]

1. e4 c5 2. Nf3 d6 3. Nc3 a6 4. d4 cxd4 5. Qxd4 Nc6 6. Qd3 e6 7. Bf4 Qc7 8. O-O-O Ne5 9. Nxe5 dxe5 10. Bxe5 Qa5 11. Nb5 axb5 12. Qxb5+ Ke7 13. Bd6+ Kf6 14. e5+ Kg5 15. h4+ Kh6 16. Qd3 f5 17. Qe3+ Kg6 18.
Bxf8 Kf7 19. Ba3 Ne7 20. Bc4 Nc6 21. Bd6 Qa4 22. Bb3 Qg4 23. f3 Qg6 24. h5 Qh6 25. f4 Re8 26. Qd3 Kg8 27. Qxf5 Na5 28. Qg5 Nxb3+ 29.
axb3 Bd7 30. Qxh6 gxh6 31. g4 Bc6 32. Rhg1 Ra1+ 33. Kd2 Ra2 34. Kc3 Rc8 35. g5 Bf3+ 36. Kb4 Bxd1 37. gxh6+ Kf7 38. Rxd1 Rxb2 39. c4 Rh2 40.
Ra1 Rxh5 41. Ra7 Rxh6 42. Rxb7+ Kg6 43. Re7 Kf5 44. Rf7+ Ke4 45. c5 Kd5 46. Kb5 Rh3 47. b4 h5 48. Rd7 h4 49. c6 Rb3 50. c7 Rc3 51. Bc5+ Ke4 52. Kc6 h3 53. Rd8 h2 54.
Rd1 h1=Q 55. Rxh1 1-0

[Event "Early-Titled-Tuesday-Blitz-April-23-2024"]
[Site "Chess.com"]
[Date "2024.04.23"]
[Round "10"]
[White "Rakhmanov_Aleksandr"]
[Black "NikitaShnadrygin"]
[Result "1/2-1/2"]
[WhiteElo "2866"]
[BlackElo "2713"]
[TimeControl "180+1"]
[EndTime "10:01:45 PDT"]
[Termination "Game drawn - insufficient material"]

1. d4 d5 2. c4 Nc6 3. e3 e5 4. Nc3 dxc4 5. d5 Nce7 6. Bxc4 Ng6 7. Nf3 a6 8. O-O Bd6 9. a4 Nf6 10. Ng5 O-O 11. b3 e4 12. Ncxe4 Be5 13. Ra2 Nxe4 14.
Nxe4 Bxh2+ 15. Kxh2 Qh4+ 16. Kg1 Qxe4 17. f3 Qh4 18. Bb2 Bd7 19. Qd4 Qxd4 20. Bxd4 b5 21. Be2 Rfc8 22. Rc1 c6 23. axb5 cxb5 24. Rxc8+ Bxc8 25. Bxb5 Bb7 26. Bc4 Rd8 27. e4 Nf4 28. Kf2 h5 29.
Be3 Ng6 30. Bd4 Kf8 31. g3 f6 32. f4 h4 33. Ra5 hxg3+ 34. Kxg3 Ne7 35. Bb6 Rd7 36.
f5 g6 37. fxg6 Nxg6 38. Bxa6 Bxa6 39. Rxa6 Rb7 40. b4 Kf7 41. Bc5 Ne5 42. Ra7 Rxa7 43. Bxa7 Nd3 44. b5 f5 45. exf5 Kf6 46. Bd4+ Kxf5 47.
b6 Nb4 48. b7 Na6 49. Kf3 Nb8 50. Ke3 Nd7 51. Kd3 Kg6 52. Ke4 Kf7 53. Be5 Nc5+ 54. Kd4 Nxb7 55. Bc7 Ke8 56. Kc4 Kd7 57. Bf4 Nd6+ 58.
Kc5 Nf5 59. Be5 Ne7 60. d6 Nf5 61. Bf4 Nxd6 1/2-1/2

[Event "Early-Titled-Tuesday-Blitz-April-23-2024"]
[Site "Chess.com"]
[Date "2024.04.23"]
[Round "10"]
[White "Alenzer"]
[Black "GrotBchess"]
[Result "0-1"]
[WhiteElo "2231"]
[BlackElo "2451"]
[TimeControl "180+1"]
[EndTime "10:01:45 PDT"]
[Termination "GrotBchess won on time"]

1. e4 c5 2. Nf3 e6 3. d4 cxd4 4.
Nxd4 Nf6 5. Nc3 Bb4 6. Bd3 Nc6 7. Nxc6 bxc6 8. O-O d5 9. Qe2 h6 10. Bf4 O-O 11.
Rad1 Qa5 12. e5 Nd7 13. Qg4 Kh8 14. Qh5 f5 15. Bxh6 gxh6 16. Qxh6+ Kg8 17. Qxe6+ Rf7 18. Qg6+ Rg7 19. Qe8+ Nf8 20. Qxc6 Bb7 21. Qf6 Qb6 22. Qxf5 Qg6 23. Qxg6 Nxg6 24. Bxg6 Rxg6 25. Nxd5 Bf8 26. c4 Rc8 27. b3 Rcc6 28. f4 Ra6 29. a4 Rg4 30. f5 Re4 31. e6 Kh8 32. Rd3 Bc5+ 33. Kh1 Rd6 34. Rh3+ Kg7 35. Rg3+ Kf8 36. Nf6 Ke7 37.
Ng8+ Kd8 38. Nf6 Re5 39. Rg8+ Kc7 40. Rg7+ Kc6 41. Nd7 Re2 42. h3 Rdd2 43. Nxc5 Kxc5 44. e7 Rxg2 45. Rxg2 Rxg2 46. e8=Q Rg8+ 47. Kh2 Rxe8 48. f6 Rf8 49. h4 Kb4 50. Rf5 Be4 51. Rb5+ Kc3 52. Ra5 Bc2 0-1

[Event "Early-Titled-Tuesday-Blitz-April-23-2024"]
[Site "Chess.com"]
[Date "2024.04.23"]
[Round "10"]
[White "Oleksandr_Bortnyk"]
[Black "shimastream"]
[Result "0-1"]
[WhiteElo "3112"]
[BlackElo "3063"]
[TimeControl "180+1"]
[EndTime "10:01:47 PDT"]
[Termination "shimastream won by resignation"]

1. e4 b6 2. d4 Bb7 3. Bd3 e6 4. f4 c5 5. c3 cxd4 6. cxd4 Nc6 7. Nf3 Nb4 8. Nc3 Nxd3+ 9. Qxd3 Nf6 10. O-O Bb4 11. e5 Nd5 12. Ne4 Be7 13. Bd2 h6 14.
Rac1 O-O 15. g4 f5 16. exf6 Nxf6 17. Nxf6+ Rxf6 18. Ne5 Bd6 19. f5 Qe7 20. Rce1 exf5 21. gxf5 Bxe5 22. dxe5 Qc5+ 23. Re3 Qc6 24. Rff3 Rf7 25.
f6 gxf6 26. e6 dxe6 27. Rg3+ Kh8 28. Qg6 Qh1+ 29. Kf2 Qxh2+ 30. Kf1 Raf8 31. Rh3 Qf4+ 32. Ref3 Qc4+ 33. Ke1 Qe4+ 34. Qxe4 Bxe4 35. Re3 Bf5 36. Rxh6+ Rh7 37. Rxh7+ Kxh7 38. Ra3 Rf7 39. Rc3 Kg6 40.
Rg3+ Kh7 41. a4 e5 42. a5 bxa5 43. Bxa5 Bg6 44. Bc3 Re7 45. Re3 Kg7 46. b4 Kf7 47.
Bb2 Ke6 48. Ra3 Kd5 49. Ra6 Rf7 50. Bc1 Bd3 51. Ra5+ Ke4 52. Kf2 Rc7 53. Bh6 f5 54. Bg5 Rc2+ 55. Ke1 Rc6 56. Rxa7 f4 57. Re7 Rc1+ 58.
Kd2 Rc2+ 59. Kd1 f3 60. Bf6 f2 61. Rxe5+ Kf4 62. Re1 Rc1+ 63. Kxc1 fxe1=Q+ 64. Kb2 Qd2+ 65. Kb3 Qc2+ 66. Ka3 Bc4 0-1

[Event "Early-Titled-Tuesday-Blitz-April-23-2024"]
[Site "Chess.com"]
[Date "2024.04.23"]
[Round "10"]
[White "marcodobrikov"]
[Black "Aradhya2000"]
[Result "0-1"]
[WhiteElo "2697"]
[BlackElo "2850"]
[TimeControl "180+1"]
[EndTime "10:01:50 PDT"]
[Termination "Aradhya2000 won by resignation"]

1. d4 d5 2. Bf4 Nf6 3. e3 c5 4.
Nf3 Qb6 5. Nc3 Bd7 6. Qd2 e6 7. Be2 Be7 8. O-O O-O 9. a3 cxd4 10.
exd4 Nc6 11. b4 Rfc8 12. Na4 Qd8 13. Nc5 b6 14. Nxd7 Qxd7 15. Bb5 Qb7 16. Qe2 a6 17. Bd3 b5 18. c3 Nb8 19. Rfc1 Nbd7 20. a4 Nb6 21. axb5 axb5 22. Bxb5 Rxa1 23. Rxa1 Rxc3 24. Ne5 Bxb4 25. Qb2 Qe7 26. Nc6 Rxc6 27. Bxc6 h6 28. Rb1 Ba5 29. Qa2 Nc4 30. Bb5 Bc7 31. Bxc7 Qxc7 32.
Rc1 Qf4 33. Qb1 Ng4 34. Bxc4 Qxf2+ 35. Kh1 Qh4 36. Qb8+ Kh7 37. Bd3+ g6 38. Rf1 Nf2+ 39. Rxf2 Qxf2 40. Qg3 Qxd4 41. h3 Kg7 42. Qf3 e5 43. Be2 e4 44. Qf4 Qf6 45. Qc7 d4 46. Bc4 d3 47. Qd7 Qf1+ 48. Kh2 Qf4+ 49. Kg1 Qc1+ 50. Kf2 Qxc4 51. Ke3 Qc2 52. Qd4+ Kh7 53. Qf6 Qe2+ 54. Kd4 Kg8 55. Qd8+ Kg7 56. Kc5 d2 57. Qd4+ Kh7 58. Qf6 Qe3+ 59. Kc4 Qd3+ 60. Kb4 Qd7 61. Qxf7+ Qxf7 0-1

[Event "Early-Titled-Tuesday-Blitz-April-23-2024"]
[Site "Chess.com"]
[Date "2024.04.23"]
[Round "10"]
[White "Jojo_898"]
[Black "Barath1308"]
[Result "1-0"]
[WhiteElo "2461"]
[BlackElo "2535"]
[TimeControl "180+1"]
[EndTime "10:01:51 PDT"]
[Termination "Jojo_898 won on time"]

1. e4 c5 2. Nf3 d6 3. c3 Nf6 4.
Bd3 g6 5. h3 Bg7 6. O-O O-O 7.
Bc2 Nc6 8. d4 cxd4 9. cxd4 e5 10.
Be3 exd4 11. Nxd4 Re8 12. Nc3 h6 13. Ndb5 Bf8 14. Bf4 Ne5 15. Qd2 a6 16. Nd4 Kh7 17. Rad1 Bd7 18. Bb3 Qe7 19. Nc2 Bc6 20. Rfe1 Rad8 21.
Nb4 Qc7 22. Nbd5 Bxd5 23. Nxd5 Nxd5 24. Bxd5 Bg7 25. Rc1 Nc6 26. Rc2 Qe7 27. Bxc6 bxc6 28. Rxc6 d5 29. e5 f6 30. e6 Qb7 31. Rc7 Qb6 32.
Rec1 g5 33. Qd3+ Kh8 34. Qg6 Rg8 35. e7 Rde8 36. Be3 Qe6 37. Bc5 Rc8 38. Bb4 Rxc7 39. Rxc7 d4 40. Qd3 Qxa2 41. Ba3 Qd5 42. Rc5 Qe6 43. Ra5 f5 44. Rxa6 Qe1+ 45. Kh2 Qe5+ 46.
g3 Qe1 47. Rd6 Qxf2+ 48. Kh1 Qe1+ 49. Kg2 Qe5 50. Rd8 Kh7 51. Qc4 Rh8 52. Rxh8+ Kxh8 53. Qc8+ Kh7 54. e8=Q Qd5+ 55. Kf2 d3 56. Qcd7 1-0

[Event "Early-Titled-Tuesday-Blitz-April-23-2024"]
[Site "Chess.com"]
[Date "2024.04.23"]
[Round "10"]
[White "HATilay"]
[Black "viviania"]
[Result "0-1"]
[WhiteElo "2648"]
[BlackElo "2899"]
[TimeControl "180+1"]
[EndTime "10:01:53 PDT"]
[Termination "viviania won by resignation"]

1. e4 e5 2. Nf3 d5 3. Nxe5 Bd6 4. d4 dxe4 5. Bc4 Bxe5 6. Qh5 Qe7 7. Qxe5 Qxe5 8.
dxe5 Nc6 9. Nc3 Nxe5 10. Bb3 Ne7 11. Nxe4 Bf5 12. Ng3 Be6 13. Bxe6 fxe6 14. O-O Kf7 15. Re1 N5c6 16. Bg5 Nd5 17. Ne4 b6 18. Bh4 h6 19.
Bg3 Rhd8 20. a3 Rd7 21. Rad1 Rad8 22. c4 Nf6 23. Rxd7+ Rxd7 24. Nc3 Na5 25. c5 bxc5 26. Nb5 Nd5 27. Rd1 Ke7 28. Kf1 a6 29. Nc3 Nxc3 30.
Rxd7+ Kxd7 31. bxc3 Nc4 32. a4 Nb6 33. Ke2 Nxa4 34.
Kd3 Nb2+ 35. Kc2 Nc4 36. Kb3 Nd6 37. Be5 g6 38. Bg7 h5 39. Bf8 Kc6 40. Be7 Kb5 41. Bf8 a5 42. f3 a4+ 43. Kb2 Kc4 44. Be7 Nb5 45. Bf6 a3+ 46. Kc2 a2 47. Kb2 Nxc3 48.
h4 c6 49. Bg7 Nd5 50. Kxa2 Kd3 51. Kb3 c4+ 52. Kb2 c3+ 53. Kc1 Nb4 54. Bh6 c5 55. g4 c4 56. gxh5 gxh5 57. Bg5 c2 58. Bh6 Na2+ 59.
Kb2 c1=Q+ 60. Bxc1 Nxc1 61. Kxc1 c3 62. Kd1 c2+ 63.
Kc1 Ke3 64. Kxc2 Kxf3 65. Kd3 e5 66. Kd2 e4 67. Ke1 Ke3 68. Kf1 Kd2 69. Kg2 e3 70.
Kf3 0-1

[Event "Early-Titled-Tuesday-Blitz-April-23-2024"]
[Site "Chess.com"]
[Date "2024.04.23"]
[Round "10"]
[White "Kostukov_Alex"]
[Black "wild3000"]
[Result "1-0"]
[WhiteElo "2367"]
[BlackElo "2465"]
[TimeControl "180+1"]
[EndTime "10:01:53 PDT"]
[Termination "Kostukov_Alex won by checkmate"]

1. g3 d5 2. Bg2 c6 3. d3 Nf6 4.
e4 dxe4 5. dxe4 Qxd1+ 6. Kxd1 Nbd7 7. f3 e5 8. Be3 Bc5 9. Ke2 O-O 10. Nd2 Bxe3 11. Kxe3 Nc5 12. b3 a5 13. a4 Be6 14.
Bh3 Rad8 15. Bxe6 Nxe6 16. Nc4 Nd4 17. Ra2 Rfe8 18. Nxa5 b5 19. Ne2 bxa4 20. bxa4 c5 21. Nc4 h5 22. a5 Nc6 23. a6 Nb4 24. Ra4 Nxc2+ 25. Kf2 Nd7 26. a7 Ra8 27. Nc3 Rec8 28.
Nd5 Nb4 29. Ne7+ Kf8 30. Nxc8 Nc6 31. N8b6 Nxb6 32. Nxb6 Rxa7 33. Rxa7 Nxa7 34. Nd7+ Ke7 35. Nxe5 f6 36. Nc4 Nb5 37. Rb1 Nd4 38. Rb7+ Kf8 39.
Ke3 Nc2+ 40. Kf4 Nd4 41. e5 fxe5+ 42. Kxe5 Nxf3+ 43. Kf5 Nxh2 44. Ke6 Kg8 45. Ne5 Kh7 46. Rc7 Nf1 47. Rxc5 Nxg3 48. Nf3 Kh6 49. Ng5 Ne2 50. Nf7+ Kg6 51. Rg5+ Kh7 52. Rxh5+ Kg6 53. Rg5+ Kh7 54. Rg4 Nc3 55. Ne5 Nb5 56. Rh4+ Kg8 57. Rg4 Nc7+ 58.
Kf5 Nd5 59. Rd4 Ne3+ 60. Kg5 Kh7 61. Rh4+ Kg8 62. Ng6 Kf7 63. Rf4+ Ke6 64. Re4+ Kf7 65. Rxe3 Kg8 66. Re8+ Kf7 67. Rf8+ Ke6 68. Rf1 Kd7 69. Ne5+ Ke6 70. Kg6 Kd5 71. Kxg7 Ke6 72. Ng6 Kd5 73. Rf4 Ke6 74. Rf3 Kd6 75. Rf4 Kd5 76. Kf7 Kd6 77. Kf6 Kd5 78. Kf5 Kd6 79. Re4 Kd5 80. Nf4+ Kd6 81. Rd4+ Kc5 82. Ke5 Kc6 83. Rc4+ Kb5 84.
Kd5 Kb6 85. Ne6 Kb7 86. Kd6 Kb8 87. Rb4+ Ka7 88. Kc6 Ka8 89. Kc7 Ka7 90. Ra4# 1-0

[Event "Early-Titled-Tuesday-Blitz-April-23-2024"]
[Site "Chess.com"]
[Date "2024.04.23"]
[Round "10"]
[White "frederiksvane"]
[Black "jefferyx"]
[Result "0-1"]
[WhiteElo "3033"]
[BlackElo "3114"]
[TimeControl "180+1"]
[EndTime "10:01:55 PDT"]
[Termination "jefferyx won by checkmate"]

1. e4 c5 2. Nf3 d6 3. d4 cxd4 4. Nxd4 Nf6 5. Nc3 a6 6. h3 e5 7.
Nb3 Be6 8. f4 g6 9. Be2 Nbd7 10.
O-O Rc8 11. a4 Be7 12. Be3 exf4 13. Bxf4 Ne5 14. Kh1 O-O 15. Nd4 Nfd7 16. Bh6 Re8 17. Nxe6 fxe6 18. Qd4 Bf8 19. Bf4 Nf7 20. Qb4 Qb6 21.
Qxb6 Nxb6 22. a5 Nc4 23. Nd1 Rc5 24. Ra4 Rec8 25. c3 Nce5 26. b3 Bh6 27. Bg3 Rf8 28. Bf2 Rcc8 29. Bb6 Bd2 30. c4 Ng5 31. Rxf8+ Rxf8 32. Ra2 Nxe4 33. Kg1 Bb4 34. Ne3 Nc6 35. Bg4 Kf7 36.
Bf3 Nf6 37. Rf2 Ke7 38. Re2 Kd7 39. Ng4 Nxa5 40. Nxf6+ Rxf6 41. Bxa5 Bxa5 42. Bxb7 Bb6+ 43. Kh2 a5 44. Bf3 Bc5 45. h4 Rf4 46. Kh3 Ke7 47. Bg4 e5 48. Bf3 Rf8 49. Rd2 Rb8 50. Rd3 Kf6 51. g3 Kf5 52. Kg2 e4 53. Rd5+ Ke6 54.
Bxe4 Rxb3 55. h5 a4 56. hxg6 hxg6 57. Bxg6 a3 58. Rd2 Ke5 59. Re2+ Kd4 60. g4 Kc3 61. g5 Rb2 62. Rxb2 Kxb2 63. Bf7 a2 64. g6 Bd4 65. c5 a1=Q 66. cxd6 Qg1+ 67. Kf3 Qe3+ 68. Kg4 Qe4+ 69. Kg5 Qe5+ 70. Kh6 Qxd6 71. Kh7 Qf8 72. Bd5 Qg7# 0-1

[Event "Early-Titled-Tuesday-Blitz-April-23-2024"]
[Site "Chess.com"]
[Date "2024.04.23"]
[Round "10"]
[White "klercaku"]
[Black "FischerKasparow"]
[Result "1-0"]
[WhiteElo "2256"]
[BlackElo "2113"]
[TimeControl "180+1"]
[EndTime "10:01:57 PDT"]
[Termination "klercaku won on time"]

1. e4 c5 2. Nf3 d6 3. d4 Nf6 4. Nc3 cxd4 5. Nxd4 a6 6. Be2 e5 7. Nb3 Be7 8. O-O O-O 9. Be3 Be6 10. f4 Qc7 11. f5 Bc4 12. Bxc4 Qxc4 13. Qd3 Rc8 14.
h3 Nbd7 15. g4 h6 16. Kg2 b5 17. Rf2 b4 18. Nd5 Bf8 19. Qxc4 Rxc4 20. Nd2 Rxc2 21.
Nxb4 Rxb2 22. Nd3 Rc2 23. Kf3 Rb8 24. Rff1 d5 25. exd5 Nxd5 26. Rfc1 Rbc8 27. Rxc2 Rxc2 28. Rc1 Rxa2 29. Ke4 N5f6+ 30. Kf3 Rxd2 31. Bxd2 e4+ 32. Ke2 exd3+ 33. Kxd3 Nc5+ 34. Ke2 Nb3 35. Rc6 a5 36. Bc3 Ne4 37. Bb2 a4 38. Rb6 Nec5 39. Rb8 f6 40.
Ba3 Kf7 41. Ra8 Nd4+ 42. Kd1 Ndb3 43. Ra7+ Ke8 44. Ra8+ Ke7 45. Ra7+ Kd6 46. Kc2 Be7 47. Kb1 Kd5 48. Ka2 Bd6 49. Rxg7 Kc4 50. Ra7 Be5 51. Rg7 Nd3 52. Rd7 Nbc1+ 53. Kb1 Nb3 54. Ka2 Kc3 55. Rd8 Kc2 56. Rc8+ Kd1 57. Rd8 Kc2 58. Rc8+ Kd2 59.
h4 Kd1 60. Bb2 Ke2 61. Bxe5 1-0

[Event "Early-Titled-Tuesday-Blitz-April-23-2024"]
[Site "Chess.com"]
[Date "2024.04.23"]
[Round "10"]
[White "noblerone"]
[Black "BallottiLuca"]
[Result "1-0"]
[WhiteElo "2527"]
[BlackElo "2382"]
[TimeControl "180+1"]
[EndTime "10:01:58 PDT"]
[Termination "noblerone won by checkmate"]

1. d4 Nf6 2. Nf3 b6 3. g3 Bb7 4. Bg2 e6 5. O-O Be7 6. b3 O-O 7. Bb2 c5 8. c4 cxd4 9. Bxd4 Nc6 10. Bb2 d5 11. cxd5 Nxd5 12. Na3 Bf6 13. Bxf6 Qxf6 14. Nc4 Rfd8 15. Qc1 Rac8 16. Qa3 Ndb4 17. Rad1 g6 18.
Qa4 Ba6 19. Qa3 Bb7 20. Ne3 Kg7 21. h4 h5 22. Qa4 Ba6 23. Rxd8 Rxd8 24. Re1 Qb2 25. Nc4 Bxc4 26. bxc4 Qxa2 27. Qb5 Qa5 28. Ng5 Qxb5 29. cxb5 Nd4 30. Rb1 Nd5 31. e3 Ne2+ 32.
Kf1 Nec3 33. Ra1 Nxb5 34. Bxd5 Rxd5 35. Nf3 a5 36. Rb1 a4 37. e4 Rc5 38. Ne1 a3 39. Nd3 a2 40. Ra1 Rc3 41. Nb4 Ra3 42. Rxa2 Rxa2 43. Nxa2 Kf6 44. Ke2 Ke5 45. Kd3 Nc7 46. f4+ Kd6 47. Kd4 b5 48. Nb4 Ne8 49. e5+ Kd7 50.
Kc5 Nc7 51. Kb6 Nd5+ 52. Nxd5 exd5 53. Kxb5 Ke6 54. Kc5 Kf5 55. Kxd5 Kg4 56. Kd6 Kxg3 57. Ke7 Kxh4 58. Kxf7 Kg3 59. e6 h4 60. e7 h3 61.
e8=Q h2 62. Qe4 Kf2 63. Qh1 Kg3 64. Kxg6 Kh3 65. Qf3+ Kh4 66. Qh1 Kh3 67. f5 Kg3 68. f6 Kg4 69. f7 Kg3 70. f8=Q Kg4 71. Qff3+ Kh4 72. Qxh2# 1-0